Map: Ulrena

Players

king - Winner!

  • Race: Terran Terran
  • League: Diamond

ILLBdA

  • Race: Protoss Protoss
  • League: Diamond

VOD

Have the link to the VOD?

Description

Time

  • Played on: Jan. 1, 2016, 9:22 p.m.
  • Length: 11:39
Show
View Real Time Build Order
Export as new Build Order

king Terran - Winner!

Build Orders: Reaper Expand, MMM Bio 

Get SALT Encoding   

  12  0:01  SCV  
  13  0:13  SCV  
  14  0:19  Supply Depot  
  14  0:25  SCV  
  15  0:41  SCV  
  15  0:42  Barracks  
  16  0:47  Refinery  
  16  0:53  SCV  
  17  1:05  SCV  
  19  1:18  SCV  
  19  1:30  Reaper  
  19  1:31  Orbital Command  
  20  1:35  Supply Depot  
  20  1:54  Command Center  
  20  2:01  SCV  
  21  2:11  Barracks Reactor  
  21  2:13  SCV  
  22  2:19  Barracks  
  22  2:24  Factory  
  22  2:27  SCV  
  23  2:39  SCV  
  24  2:49  Marine x2  
  24  2:51  SCV  
  27  2:56  Bunker  
  27  3:02  Refinery  
  27  3:03  SCV  
  28  3:07  Marine x2  
  28  3:12  Widow Mine, Starport, Orbital Command  
  32  3:22  SCV  
  32  3:25  Marine x2  
  34  3:37  Barracks  
  34  3:39  Barracks  
  34  3:44  Marine x2  
  34  3:48  Widow Mine  
  36  3:49  Medivac  
  40  3:56  SCV, Orbital Command  
  40  4:00  Supply Depot  
  41  4:03  Engineering Bay, Marine  
  41  4:04  Marine  
  43  4:26  SCV x2  
  43  4:27  Barracks Tech Lab x2  
  43  4:29  Barracks Reactor  
  43  4:30  Terran Infantry Weapons Level 1  
  45  4:32  Missile Turret  
  45  4:38  SCV x2  
  42  4:50  Stimpack  
  42  4:51  Viking  
  43  4:56  SCV  
  44  5:02  SCV  
  44  5:05  Command Center, Marine x3  
  44  5:06  Marine  
  49  5:07  Factory Tech Lab  
  49  5:08  SCV  
  50  5:15  SCV, Liberator  
  50  5:20  Marauder  
  51  5:22  Supply Depot  
  51  5:30  Refinery  
  54  5:44  SCV x2, Supply Depot, Marine x3  
  54  5:46  Supply Depot  
  54  5:47  Supply Depot  
  59  5:56  SCV x2  
  61  6:04  Refinery  
  61  6:06  Barracks  
  61  6:07  Supply Depot, Barracks  
  61  6:09  Supply Depot  
  61  6:15  SCV x2  
  61  6:16  Starport Reactor  
  63  6:22  Orbital Command  
  63  6:27  SCV  
  64  6:34  Terran Infantry Armor Level 1  
  64  6:35  SCV  
  64  6:39  SCV  
  66  6:40  Armory  
  66  6:44  Engineering Bay  
  66  6:46  Marine x2  
  68  6:47  Marine x2  
  68  6:53  SCV x2  
  72  6:54  Barracks Reactor  
  72  6:55  Barracks Reactor  
  72  6:56  Medivac  
  72  6:58  Orbital Command  
  72  6:59  Medivac  
  76  7:02  Sensor Tower  
  76  7:07  Supply Depot  
  76  7:11  Combat Shields  
  76  7:14  Marine  
  76  7:15  Marine x2  
  79  7:25  SCV x2  
  79  7:27  SCV  
  82  7:31  Medivac x2  
  86  7:37  SCV x2, Marine x2  
  86  7:38  Marine x2  
  86  7:39  SCV, Marine x3  
  96  7:47  Terran Infantry Weapons Level 2  
  96  7:49  SCV x2  
  96  7:50  Starport  
  95  8:10  Viking x2  
  77  8:27  Marine x4  
  77  8:28  Starport Reactor  
  77  8:31  SCV x3  
  77  8:33  Marine  
  77  8:34  Marine x2  
  84  8:35  Drilling Claws  
  84  8:40  Viking  
  87  8:45  Factory  
  87  8:46  Marine  
  87  8:47  Marine x5  
  90  8:51  Marine x2  
  90  8:55  Marine  
  89  9:02  Viking  
  86  9:04  Marine x2  
  86  9:05  Marine x4  
  86  9:09  Missile Turret, Marine x2  
  90  9:10  Viking, Missile Turret  
  90  9:11  Missile Turret  
  90  9:13  Marine  
  88  9:21  Viking x2  
  88  9:22  Marine x4  
  88  9:23  Siege Tank, Marine x2  
  97  9:27  Marine  
  92  9:41  Marine  
  92  9:42  Marine x4  
  92  9:43  Factory Reactor  
  93  9:46  Viking x2  
  93  9:51  Viking x2  
  98  9:54  Widow Mine  
  98  9:58  Marine x4  
  98  9:59  Marine  
  97  10:00  Marine x4  
  97  10:04  Refinery  
  97  10:06  Refinery  
  97  10:11  Missile Turret  
  97  10:12  Missile Turret  
  91  10:16  Viking  
  91  10:17  Viking  
  91  10:18  Marine x3  
  91  10:21  Viking  
  97  10:31  Marine x6  
  97  10:33  Viking  
  101  10:35  Marine  
  101  10:36  Marine x2  
  104  10:47  Viking  
  104  10:48  Marine  
  104  10:49  Marine x4  
  109  10:55  Marine x2  
  109  10:56  Marine x2  
  113  11:12  Command Center  
  113  11:14  Marine x7  
Show
View Real Time Build Order
Export as new Build Order

ILLBdA Protoss 

Build Orders: Phoenix Opening 

Get SALT Encoding   

  12  0:01  Probe (Chrono Boost)  
  13  0:11  Probe (Chrono Boost)  
  14  0:19  Pylon  
  14  0:22  Probe (Chrono Boost)  
  15  0:37  Probe (Chrono Boost), Gateway  
  16  0:48  Probe (Chrono Boost)  
  17  0:58  Probe (Chrono Boost)  
  17  0:59  Assimilator  
  18  1:05  Assimilator  
  18  1:09  Probe (Chrono Boost)  
  19  1:19  Probe (Chrono Boost)  
  20  1:25  Cybernetics Core  
  20  1:30  Probe (Chrono Boost)  
  21  1:49  Probe (Chrono Boost), Nexus  
  22  1:57  Pylon  
  22  2:01  Probe (Chrono Boost)  
  23  2:11  Warp Gate  
  23  2:15  Adept (Chrono Boost)  
  24  2:21  Mothership Core  
  26  2:42  Probe  
  26  2:54  Probe  
  26  2:57  Stargate  
  27  2:59  Probe  
  27  3:02  Stalker (Chrono Boost)  
  30  3:07  Probe  
  30  3:10  Probe  
  32  3:19  Probe  
  33  3:20  Probe  
  34  3:30  Stalker (Chrono Boost)  
  34  3:31  Probe x2  
  38  3:37  Pylon  
  38  3:41  Probe, Phoenix (Chrono Boost)  
  40  3:43  Probe  
  42  3:52  Probe  
  42  3:55  Probe  
  44  4:01  Pylon, Robotics Facility  
  44  4:04  Probe, Phoenix (Chrono Boost)  
  47  4:12  Probe  
  48  4:17  Assimilator  
  48  4:19  Assimilator  
  48  4:32  Phoenix (Chrono Boost)  
  48  4:50  Probe  
  48  4:54  Phoenix (Chrono Boost)  
  48  4:59  Probe, Observer (Chrono Boost)  
  51  5:04  Pylon  
  52  5:09  Probe  
  53  5:19  Immortal (Chrono Boost)  
  53  5:20  Nexus  
  57  5:23  Pylon  
  57  5:26  Gateway x2  
  57  5:32  Fleet Beacon  
  57  5:35  Probe  
  58  5:40  Phoenix (Chrono Boost)  
  60  5:47  Forge  
  60  5:51  Observer  
  63  6:10  Probe  
  64  6:12  Probe  
  64  6:13  Pylon, Stargate  
  64  6:18  Tempest (Chrono Boost)  
  67  6:20  Immortal  
  71  6:28  Probe  
  72  6:34  Photon Cannon  
  72  6:40  Adept  
  74  6:50  Probe  
  74  6:52  Probe  
  76  6:57  Tempest (Chrono Boost)  
  76  7:00  Pylon  
  80  7:08  Tempest (Chrono Boost)  
  84  7:22  Pylon  
  84  7:26  Twilight Council  
  84  7:30  Adept  
  84  7:31  Tempest (Chrono Boost)  
  90  7:38  Probe  
  90  7:39  Probe x2  
  90  7:44  Protoss Ground Armor Level 1 (Chrono Boost)  
  93  7:51  Probe  
  88  8:06  Probe  
  88  8:07  Tempest  
  91  8:22  Tempest (Chrono Boost)  
  91  8:24  Nexus, Adept x2  
  87  8:34  Warp Prism  
  87  8:37  Adept  
  89  8:49  Tempest (Chrono Boost)  
  91  8:55  Adept  
  91  9:11  Tempest (Chrono Boost)  
  87  9:19  Adept  
  87  9:20  Adept x2  
  85  9:41  Tempest (Chrono Boost)  
  85  9:46  Adept x3  
  85  9:52  Tempest (Chrono Boost)  
  85  10:20  Stalker x3  
  89  10:26  Tempest  
  93  10:33  Warp Prism  
  95  10:39  Probe  
  96  10:46  Tempest  
  100  10:56  Probe  
  101  11:00  Assimilator  
  101  11:01  Assimilator  
  101  11:04  Gateway  
  101  11:06  Gateway, Zealot  
  101  11:08  Mothership Core  
  101  11:09  Gateway  
  105  11:11  Pylon  
  105  11:12  Gateway  
  105  11:17  Observer  
  106  11:24  Zealot  
  107  11:34  Zealot x2  
Tags
 
Composition
MMM Bio
Matchup
PvT
Replay Pack
me
Add a new tag
Caveats
  • Supply blocks, unpowered buildings, or Contaminate may cause inaccurate times.
  • Supply counts are checked every 10 seconds.